 Dungeon Crawl Stone Soup version 0.28.0-47-ge53b351184 (console) character file.

Game seed: 4393719477088371444

7484 Banquo the Thaumaturge (level 11, -14/79 HPs)
             Began as a Djinni Fire Elementalist on May 10, 2022.
             Was a Believer of Fedhas.
             Shot with an arrow by a centaur warrior (24 damage)
             ... on level 9 of the Dungeon.
             The game lasted 00:48:17 (14001 turns).

Banquo the Thaumaturge (Djinni Fire Elementalist)  Turns: 14001, Time: 00:48:18

Health: -14/79     AC:  8    Str:  7    XL:     11   Next: 38%
Gold:   440        EV: 14    Int: 20    God:    Fedhas [**....] SH:  9 Dex: 15

rFire   + + .      SeeInvis +   b - staff of cold
rCold   + . .      Faith    .   i - +0 kite shield
rNeg    . . .      Spirit   .   d - +2 robe {Will+}
rPois   ∞          Reflect  .   h - +0 helmet
rElec   .          Harm     .   e - +0 cloak
rCorr   .          Rampage  .   g - +1 pair of gloves
Will    ++...                   (boots unavailable)
Stlth   ++........              (no amulet)
HPRegen 0.23/turn               C - ring of protection from cold
MPRegen 0.00/turn               S - ring of see invisible

@: flying
A: sickness immunity, fire resistance 2, cold vulnerability 1, float, innate
caster, HP casting, extra vitality 1
a: Renounce Religion, Wall of Briars


You were on level 9 of the Dungeon.
You worshipped Fedhas.
Fedhas was pleased with you.
You visited 2 branches of the dungeon, and saw 10 of its levels.

You collected 440 gold pieces.

Inventory:

Hand Weapons
 a - a +2 dagger of venom
 c - a +0 whip of electrocution
 j - a +2 whip of venom
 p - a +3 flail of holy wrath
 x - a +4 dagger
 D - a +0 rapier
 F - a +1 morningstar of protection
 G - a +0 trident
 H - a +2 hand axe of flaming
 J - a +1 dagger of venom
 O - a +3 scimitar
Missiles
 n - 107 stones
 u - 2 silver javelins
 B - 3 boomerangs
 I - 3 boomerangs of dispersal
 L - a throwing net
Armour
 d - a +2 robe of willpower (worn)
 e - a +0 cloak (worn)
 g - a +1 pair of gloves (worn)
 h - a +0 helmet (worn)
 i - a +0 kite shield (worn)
 q - a +0 robe of fire resistance
 s - a +0 pair of gloves
 E - a +3 scale mail
Magical Staves
 b - a staff of cold (weapon)
Jewellery
 C - a ring of protection from cold (left hand)
 S - a ring of see invisible (right hand)
Wands
 K - a wand of iceblast (4)
Scrolls
 k - 2 scrolls of noise
 m - 2 scrolls of magic mapping
 t - 4 scrolls of teleportation
 y - a scroll of blinking
 M - 2 scrolls of fear
 P - a scroll of identify
Potions
 f - a potion of heal wounds {unknown}
 l - a potion of invisibility {unknown}
 o - a potion of lignification
 r - 6 potions of curing {unknown}
 v - a potion of resistance
 w - 2 potions of might
 z - a potion of berserk rage
 A - a potion of brilliance
 N - a potion of mutation {unknown}
 Q - a potion of haste {unknown}


   Skills:
 * Level 7.4 Fighting
 - Level 8.0 Dodging
 - Level 2.2 Stealth
 * Level 4.6 Shields
 - Level 9.2 Spellcasting
 * Level 4.5 Invocations


You had 3 spell levels left.
You knew the following spells:

 Your Spells              Type           Power      Damage    Failure   Level
a - Scorch                Fire           92%        2d10      1%          2
b - Ensorcelled Hibernat  Hex/Ice        100%       N/A       1%          2
c - Mephitic Cloud        Conj/Pois/Air  46%        N/A       1%          3
d - Inner Flame           Hex/Fire       46%        N/A       1%          3
e - Flame Wave            Conj/Fire      46%        2d10      4%          4
f - Conjure Flame         Conj/Fire      46%        6-21      1%          3
l - Summon Lightning Spi  Summ/Air       46%        N/A       4%          4
p - Passwall              Tmut/Erth      38%        N/A       1%          2
z - Foxfire               Conj/Fire      100%       2x1d9     1%          1
M - Animate Skeleton      Necr           92%        N/A       1%          1
Your spell library was empty.

Dungeon Overview and Level Annotations

Branches:
Dungeon (9/15)             Temple (1/1) D:6
   Lair: D:8-11         Orc: D:9-12

Altars:
Ashenzari
Cheibriados
Dithmenos
Elyvilon
Fedhas
Gozag
Hepliaklqana
Kikubaaqudgha
Makhleb
Nemelex Xobeh
Okawaru
Qazlal
Ru
Sif Muna
Trog
Uskayaw
Vehumet
Wu Jian
Xom
Yredelemnul
Zin
The Shining One

Shops:
D:9 [

Annotations:
D:4 1 runed translucent door, Crazy Yiuf
D:6 2 transporters, Exodus22XD's ghost, novice HOMo
D:9 1 runed translucent door, Sobaton's ghost, novice MiFi


Innate Abilities, Weirdness & Mutations

You are immune to sickness and miasma.
You are immune to poison.
Your flesh is very heat resistant. (rF++)
You are vulnerable to cold. (rC-)
You float through the air rather than walking.
You learn spells naturally, not from books.
Your magical power is your life essence.
You have superior vitality. (+4 MHP)


Message History

You reach down and open the door.
Found a falchion.
There is an open door here.
You see here a +0 falchion.
There is an open door here.
As you open the door, it creaks loudly!
A boulder beetle comes into view.
You hear a shout!
A centaur warrior comes into view.
The boulder beetle leaps!
A skeletal warrior comes into view. It is wielding a +0 glaive.
The boulder beetle moves out of view.
Casting: Foxfire (safe; 1% risk of failure)
Confirm with . or Enter, or press ? or * to list all spells.
Aiming: Mephitic Cloud (safe; 1% risk of failure)
Press: ? - help, Shift-Dir - straight line The ball explodes into a vile cloud!
The stinking cloud engulfs the skeletal warrior but does no damage.
The stinking cloud engulfs the centaur warrior but does no damage.
The stinking cloud engulfs you but does no damage.
The centaur warrior is engulfed in noxious fumes.
The centaur warrior wields a +0 longbow.
The centaur warrior shoots an arrow.
You block the arrow.
The centaur warrior is engulfed in noxious fumes.
The centaur warrior shoots an arrow.
The arrow hits you!!
The skeletal warrior hits you from afar with a +0 glaive!
The centaur warrior is engulfed in noxious fumes.
The centaur warrior appears confused.
The centaur warrior is engulfed in noxious fumes.
The boulder beetle is engulfed in noxious fumes.
The centaur warrior unwields a +0 longbow.
You block the centaur warrior's attack.
The centaur warrior kicks you but does no damage.
The skeletal warrior hits you from afar with a +0 glaive!!
* * * LOW HITPOINT WARNING * * *
The centaur warrior seems less confused.
The centaur warrior wields a +0 longbow.
The centaur warrior shoots an arrow.
The arrow hits you!!
You die...
Fedhas appreciates your contribution to the ecosystem.

.##.......##.###########
.###.....###.....).....# ##
###+### #####'#####.# ##
##..#....##.# .#
#c#.###.#.#.# .# #
#..#...#..#.# .#
#.#.#.....###.## .+
+.z.#.....#.'..# .#
#.###..@..#.#..# Y#
#.#..#...#..#.)# .# #
#.#.###.#.#..# .# ##..
#..##.†# ##
#######+#####..# .#.
...#............#######
.#.#
###.#.#.###..............##
.#...#.. #.#.#
#.############..#
.###.#.###.#.# #.# ##.#


You could see a centaur warrior.

Vanquished Creatures
  A centaur warrior (D:9)
  A two-headed ogre (D:9)
  Pikel (D:3)
  3 hornets
  A shadow (D:9)
  A steam dragon (D:9)
  5 yaks
  Eustachio (D:5)
  Edmund (D:4)
  Menkaure (D:5)
  4 water moccasins
  2 ice beasts
  4 orc warriors
  Duvessa (D:4)
  A sky beast (D:8)
  A black bear (D:8)
  2 centaurs
  A lemure (D:4)
  2 phantoms
  2 kobold brigands (D:8)
  2 bullfrogs
  A gnoll sergeant (D:8)
  2 scorpions
  A wyvern zombie (D:7)
  Dowan (D:4)
  5 killer bees (D:9)
  A water moccasin skeleton (D:7)
  9 wights
  An electric eel (D:9)
  3 crimson imps (D:5)
  A bullfrog zombie (D:5)
  2 centaur zombies
  A centaur skeleton (D:6)
  2 jellies
  A hound (D:6)
  3 orc priests
  Jessica (D:3)
  Natasha (thrice) (D:2)
  An iguana (D:5)
  8 orc wizards
  2 howler monkey zombies (D:8)
  14 gnolls
  2 howler monkey skeletons
  10 adders
  A shadow imp (D:7)
  2 white imps
  An adder skeleton (D:4)
  5 dart slugs
  27 orcs
  4 ball pythons
  3 bats
  8 endoplasms
  5 giant cockroaches
  3 goblins
  5 hobgoblins
  7 jackals
  10 kobolds
  2 quokkas (D:1)
  5 rats (D:1)
201 creatures vanquished.

Vanquished Creatures (collateral kills)
  8 foxfires (D:1)
8 creatures vanquished.

Vanquished Creatures (others)
  566 foxfires
  27 plants
593 creatures vanquished.

Grand Total: 802 creatures vanquished

Notes
Turn   | Place    | Note
-------+----------+-------------------------------------------
     0 | D:1      | Banquo the Djinni Fire Elementalist began the quest for the
                  | Orb.
     0 | D:1      | Reached XP level 1. HP: 15/15 MP: 0/0
   371 | D:1      | Reached XP level 2. HP: 11/21 MP: 0/0
   654 | D:1      | Found a faded altar of an unknown god.
   877 | D:1      | Reached skill level 3 in Spellcasting
   922 | D:1      | Reached XP level 3. HP: 24/25 MP: 0/0
   922 | D:1      | Learned a level 1 spell: Animate Skeleton
  1575 | D:2      | Found a bloodstained altar of Trog.
  1763 | D:2      | Reached XP level 4. HP: 22/31 MP: 0/0
  1959 | D:2      | Reached XP level 5. HP: 14/35 MP: 0/0
  1959 | D:2      | Learned a level 2 spell: Ensorcelled Hibernation
  2203 | D:2      | Noticed Natasha
  2208 | D:2      | Killed Natasha
  2209 | D:2      | Reached skill level 4 in Spellcasting
  2519 | D:2      | Noticed Natasha
  2532 | D:2      | Killed Natasha
  3207 | D:2      | Noticed Natasha
  3219 | D:2      | Killed Natasha
  3220 | D:2      | Reached XP level 6. HP: 27/40 MP: 0/0
  3397 | D:2      | Found a bloodstained altar of Trog.
  3554 | D:3      | Noticed Jessica
  3561 | D:3      | Killed Jessica
  4142 | D:3      | Reached skill level 1 in Fighting
  4610 | D:4      | Noticed Duvessa
  4610 | D:4      | Noticed Dowan
  4610 | D:4      | Found a glowing golden altar of the Shining One.
  4616 | D:4      | Killed Duvessa
  4617 | D:4      | Reached XP level 7. HP: 33/48 MP: 0/0
  4617 | D:4      | Learned a level 2 spell: Passwall
  4622 | D:4      | Killed Dowan
  4623 | D:4      | Reached skill level 5 in Spellcasting
  4889 | D:4      | Noticed Edmund
  5107 | D:4      | Noticed Pikel
  5313 | D:3      | Killed Pikel
  5314 | D:3      | Reached skill level 6 in Spellcasting
  5314 | D:3      | Reached XP level 8. HP: 40/56 MP: 0/0
  5479 | D:4      | Killed Edmund
  5874 | D:4      | Found a runed translucent door.
  5875 | D:4      | Noticed Crazy Yiuf
  5920 | D:5      | Entered Level 5 of the Dungeon
  6242 | D:5      | Reached skill level 5 in Dodging
  6456 | D:5      | Found a white marble altar of Elyvilon.
  6464 | D:5      | Found a sacrificial altar of Ru.
  6574 | D:5      | Noticed Eustachio
  6585 | D:5      | Killed Eustachio
  6586 | D:5      | Reached skill level 7 in Spellcasting
  6586 | D:5      | Reached XP level 9. HP: 48/62 MP: 0/0
  6586 | D:5      | Learned a level 3 spell: Mephitic Cloud
  6844 | D:5      | Found a shimmering altar of Xom.
  6903 | D:5      | Noticed Menkaure
  6907 | D:5      | Killed Menkaure
  8007 | D:6      | Found a transporter.
  8010 | D:6      | Noticed Exodus22XD's ghost (novice HOMo)
  8025 | D:6      | Found a transporter.
  8374 | D:6      | Noticed a hornet
  8384 | D:6      | Killed a hornet
  8385 | D:6      | Reached skill level 8 in Spellcasting
  8744 | D:6      | Found a staircase to the Ecumenical Temple.
  8751 | Temple   | Entered the Ecumenical Temple
  8842 | Temple   | Became a worshipper of Fedhas Madash
  9175 | D:6      | Reached skill level 5 in Fighting
  9505 | D:7      | Reached XP level 10. HP: 59/70 MP: 0/0
  9845 | D:7      | Reached * piety under Fedhas
 10787 | D:8      | Reached skill level 9 in Spellcasting
 11081 | D:8      | Found a glowing silver altar of Zin.
 11111 | D:8      | Found a shadowy altar of Dithmenos.
 11249 | D:8      | Reached skill level 1 in Invocations
 11281 | D:8      | Reached skill level 1 in Shields
 12030 | D:8      | Found a sacrificial altar of Ru.
 12417 | D:9      | Reached ** piety under Fedhas
 13082 | D:9      | Reached XP level 11. HP: 71/78 MP: 0/0
 13082 | D:9      | Learned a level 4 spell: Summon Lightning Spire
 13191 | D:9      | Found a runed translucent door.
 13194 | D:9      | Identified the +2 trident of Heosiur {vorpal, +Blink rElec
                  | rPois}
 13194 | D:9      | Noticed Sobaton's ghost (novice MiFi)
 13542 | D:9      | Found Kemowk's Armour Shop.
 13574 | D:9      | Noticed a centaur warrior
 13579 | D:9      | Killed a centaur warrior
 13824 | D:9      | Noticed a two-headed ogre
 13842 | D:9      | Killed a two-headed ogre
 13994 | D:9      | Noticed a boulder beetle
 13994 | D:9      | Noticed a centaur warrior
 13994 | D:9      | Noticed a skeletal warrior
 14001 | D:9      | Shot with an arrow by a centaur warrior

Illustrated notes

Levels and vault maps discovered:
D:1:      amcnicky_arrival_underground_garden, layout_loops_ring, serial_forest,
          infiniplex_forest_lined_room_3, infiniplex_forest_zigzag_2,
          infiniplex_forest_end_2, infiniplex_forest_lined_room_2,
          infiniplex_forest_fountain,
          hellmonk_ecumenical_altar_pennies_from_heaven, minivault_14,
          nicolae_grassy_gnolls
D:2:      layout_basic, basic_altar, minivault_11, uniq_natasha
D:3:      layout_loops_corners, mainiacjoe_overflow_chevrons, uniq_jessica
D:4:      layout_cave_pools, mainiacjoe_overflow_concentric_impassable,
          uniq_crazy_yiuf_cottage, uniq_edmund, uniq_duvessa, uniq_pikel
D:5:      layout_loops_corners, grunt_temple_overflow_open, led_xom_imps,
          uniq_eustachio, uniq_menkaure
D:6:      layout_loops_corners, minmay_temple_entry_overgrown,
          gammafunk_ghost_stat_death
D:7:      layout_loops_ring
D:8:      layout_layer_cave, mainiacjoe_overflow_catwalk,
          hangedman_feature_mirror
D:9:      minmay_the_grid_plus [minmay_the_grid_spin_star,
          minmay_the_grid_paths, minmay_the_grid_plusring,
          minmay_the_grid_aliased_spiral,
          minmay_the_grid_prize_shrinking_boxes], layout_basic,
          ebering_ghost_funeral_grove, serial_shops, shop, serial_bayou_ford_a,
          nrook_mini_backslash, minmay_misc_feat_roman, grunt_decor_junction
Temple:   eino_temple_scatter_basement

Skill      XL: |  1  2  3  4  5  6  7  8  9 10 11 |
---------------+----------------------------------+-----
Spellcasting   | 3 4 6 7 8 9 |  9.2
Dodging        | 3 4 5 6 7 8 |  8.0
Stealth        | 2 |  2.2
Fighting       | 1 3 5 6 7 |  7.4
Invocations    | 3 4 |  4.5
Shields        | 3 4 |  4.6

Action                   |  1- 3 |  4- 6 |  7- 9 | 10-12 || total
-------------------------+-------+-------+-------+-------++-------
Melee: Whip              |       |       |    28 |       ||    28
 Cast: Foxfire           |    59 |    81 |    79 |   121 ||   340
       Scorch            |       |     4 |   103 |    82 ||   189
       Flame Wave        |       |       |     1 |     4 ||     5
       Conjure Flame     |       |       |    11 |     3 ||    14
       Ensorcelled Hiber |       |       |     6 |       ||     6
       Mephitic Cloud    |       |       |       |    11 ||    11
  Use: Scroll            |       |       |    12 |     4 ||    16
 Stab: Sleeping          |       |       |     2 |       ||     2
Armor: Robe              |     3 |    14 |    15 |     4 ||    36
Dodge: Dodged            |    10 |    37 |    39 |    22 ||   108
Block: Kite shield       |       |       |       |     8 ||     8
